 Dungeon Crawl Stone Soup version 0.17.0-1-g61d176b (console) character file.

7 gw the Charmwright (level 1, -1/14 HPs)
             Began as a High Elf Skald on Nov 7, 2015.
             Slain by a kobold (3 damage)
             ... on level 1 of the Dungeon.
             The game lasted 00:00:16 (117 turns).

gw the Charmwright (High Elf Skald)                  Turns: 117, Time: 00:00:16

Health: -1/14      AC:  3    Str: 11    XL:     1   Next: 83%
Magic:  0/5        EV: 11    Int: 15    God:
Gold:   0          SH:  0    Dex: 14    Spells: 1 memorised, 4 levels left

rFire  . . .     SeeInvis .     a - +0 club (curse)
rCold  . . .     Clarity  .     b - +0 leather armour
rNeg   . . .     SustAt   .     (no shield)
rPois  .         Gourm    .     (no helmet)
rElec  .         Spirit   .     (no cloak)
rCorr  .         Warding  .     (no gloves)
rMut   .         Stasis   .     (no boots)
MR     .....                    (no amulet)
Stlth  +.........               (no ring)
                                (no ring)

@: infused, not resistant to hostile enchantments, very unstealthy
A: no striking features
a: no special abilities


You were on level 1 of the Dungeon.
You were not hungry.

You visited 1 branch of the dungeon, and saw 1 of its levels.

Inventory:

Hand Weapons
 a - a cursed +0 club (weapon)
Armour
 b - a +0 leather armour (worn)
Books
 c - a book of Battle

   Spells                             Type                      Level
   a - Infusion                       Charms                       1
   b - Shroud of Golubria             Charms/Translocation         2
   c - Song of Slaying                Charms                       2
   d - Spectral Weapon                Hexes/Charms                 3
   e - Regeneration                   Charms/Necromancy            3
Comestibles
 d - a bread ration


   Skills:
 * Level 2.0 Fighting
   Level 2.5 Long Blades
 + Level 0.7 Maces & Flails
 - Level 0.8 Armour
 + Level 1.2 Dodging
 + Level 2.5 Spellcasting
 - Level 3.6 Charms


You had 4 spell levels left.
You knew the following spells:

 Your Spells              Type           Power        Failure   Level  Hunger
a - Infusion              Chrm           ##....       10%         1    #......


Dungeon Overview and Level Annotations

Branches:
Dungeon (1/15)

Altars:


Message History

The hobgoblin is lightly wounded.
The hobgoblin hits you but does no damage.
The kobold hits you but does no damage. The kobold hits you.
The hobgoblin hits you but does no damage.
Unknown command.
Unknown command.
Unknown command.
Unknown command.
ATTACKING (-1,0)
You hit the hobgoblin.
You kill the hobgoblin!
The kobold closely misses you.
Unknown command.
Unknown command.
Unknown command.
Unknown command.
ATTACKING (-1,0)
You closely miss the giant gecko. The giant gecko closely misses you.
The kobold hits you.
You die...

#..........######.......
##...P...P.# #.####..
#..%%.%...## #.......
#.....<....# #####...
#.#.......## ###.......
..?#.P...P.# ##.....#...
...
##......###...#######
....######........#
......leK!..######
......###..## ...##
....... % ....#####.#
####


You could see a giant gecko and a kobold.

Table legend:
 A = Turns spent in this place as a percentage of turns spent in the entire game.
 B = Non-inter-level travel turns spent in this place as a percentage of non-inter-level travel turns spent in the entire game.
 C = Inter-level travel turns spent in this place as a percentage of turns spent in this place.
 D = Turns resting spent in this place as a percentage of non-inter-level travel turns spent in this place.
 E = Turns spent auto-exploring this place as a percentage of non-inter-level travel turns spent in this place.
 F = Non-inter-level travel turns spent in this place divided by the number of levels of this place that you've seen.
                   A       B       C       D       E      F
               +-------+-------+-------+-------+-------+----------------------
         Total | 100.0 | 100.0 |   0.0 |   1.6 |   1.6 | 374.0
       Dungeon | 100.0 | 100.0 |   0.0 |   1.6 |   1.6 | 374.0
               +-------+-------+-------+-------+-------+----------------------

Table legend:
 A = Kills in this place as a percentage of kills in entire the game.
 B = Kills by you in this place as a percentage of kills by you in the entire game.
 C = Kills by friends in this place as a percentage of kills by friends in the entire game.
 D = Other kills in this place as a percentage of other kills in the entire game.
 E = Experience gained in this place as a percentage of experience gained in the entire game.
 F = Experience gained in this place divided by the number of levels of this place that you have seen.
                   A       B       C       D       E      F
               +-------+-------+-------+-------+-------+----------------------
         Total | 100.0 | 100.0 |  -nan |  -nan | 100.0 |  10.0
       Dungeon | 100.0 | 100.0 |  -nan |  -nan | 100.0 |  10.0
               +-------+-------+-------+-------+-------+----------------------

Vanquished Creatures
  A giant gecko (D:1)
  A bat (D:1)
  2 hobgoblins (D:1)
  A rat (D:1)
5 creatures vanquished.

Notes
Turn   | Place    | Note
--------------------------------------------------------------
     0 | D:1      | gw the High Elf Skald began the quest for the Orb.
     0 | D:1      | Reached XP level 1. HP: 14/14 MP: 4/4
   117 | D:1      | Slain by a kobold

Action                   || total
-------------------------++-------
Melee: Club              ||    19
       Falchion          ||     2
 Cast: Infusion          ||     5

Vault maps used:
D:1:      dpeg_arrival_orchard
